Map: New Repugnancy LE

Players

FanTaSy

  • Race: Terran Terran
  • Spawn Location: 7:00

MaNa - Winner!

  • Race: Protoss Protoss
  • Spawn Location: 1:00

Event: IEM Season 13: Katowice (2019)

VOD

Have the link to the VOD?

Description

Time

  • Played on: Feb. 25, 2019, 4:20 a.m.
  • Length: 15:20

All games in this series

Show
View Real Time Build Order
Export as new Build Order

FanTaSy Terran 

Build Orders: Cyclone Opening 

Get SALT Encoding   

  12  0:00  SCV  
  13  0:12  SCV  
  14  0:18  Supply Depot  
  14  0:25  SCV  
  15  0:40  Barracks, SCV  
  16  0:46  Refinery  
  16  0:52  SCV  
  16  0:56  Refinery  
  17  1:04  SCV  
  18  1:16  SCV  
  19  1:27  Reaper  
  19  1:29  Orbital Command  
  20  1:38  Supply Depot  
  20  1:46  Factory  
  20  1:55  Bunker  
  20  1:57  SCV  
  21  2:04  Reaper  
  21  2:09  SCV  
  22  2:22  SCV  
  23  2:30  Factory Tech Lab  
  23  2:35  Command Center  
  23  2:36  SCV  
  24  2:48  SCV  
  24  2:50  Starport  
  25  2:55  Cyclone  
  28  3:01  SCV  
  29  3:07  Supply Depot  
  29  3:13  Liberator, SCV  
  30  3:25  SCV  
  31  3:28  Cyclone  
  37  3:36  Barracks  
  37  3:39  SCV  
  38  3:49  Orbital Command  
  38  3:51  SCV  
  37  4:03  SCV  
  37  4:04  Orbital Command  
  37  4:06  Barracks  
  37  4:07  Barracks Tech Lab  
  38  4:11  Siege Tank  
  38  4:15  SCV  
  39  4:24  Marine  
  39  4:27  Viking, Bunker  
  39  4:30  SCV  
  43  4:32  SCV  
  43  4:37  Marine  
  44  4:42  Bunker, Marine, SCV  
  44  4:44  SCV  
  43  4:54  SCV  
  43  4:56  Combat Shield, SCV  
  45  5:00  Siege Tank  
  45  5:06  SCV  
  49  5:08  Supply Depot, SCV  
  49  5:11  Marine x2  
  50  5:14  Barracks Reactor  
  50  5:19  SCV  
  50  5:20  SCV  
  51  5:22  Engineering Bay  
  51  5:24  Refinery  
  51  5:29  Marine x2  
  51  5:31  SCV  
  51  5:32  SCV  
  51  5:33  Widow Mine  
  57  5:43  SCV  
  57  5:44  Supply Depot, SCV  
  57  5:45  Supply Depot  
  57  5:47  Marine  
  60  5:50  Marine  
  60  5:51  Terran Infantry Weapons Level 1  
  60  5:53  Missile Turret  
  60  5:56  SCV x2  
  62  6:00  Missile Turret  
  62  6:04  Factory Reactor  
  62  6:08  Marine, SCV  
  62  6:09  Marine x2, SCV  
  62  6:20  Stimpack, SCV  
  62  6:21  SCV  
  61  6:25  Marine  
  61  6:32  Refinery, Starport Reactor, SCV  
  63  6:33  SCV  
  63  6:36  Marine x2  
  63  6:37  Marauder  
  68  6:44  Marauder  
  68  6:45  Widow Mine x2  
  72  6:50  SCV x2  
  72  6:51  Supply Depot x2  
  74  6:56  Marine x2  
  74  6:58  Marauder  
  78  7:06  Concussive Shells  
  78  7:13  Widow Mine x2, Marauder  
  78  7:15  Supply Depot x2  
  84  7:16  Medivac x2  
  84  7:20  Marine, Marauder  
  84  7:21  Marine  
  92  7:29  Supply Depot  
  92  7:30  Supply Depot  
  92  7:34  Marauder  
  92  7:36  Widow Mine x2  
  95  7:44  Marine x2, Marauder  
  95  7:46  Medivac x2  
  95  7:48  Terran Infantry Armor Level 1  
  101  7:56  Marauder  
  101  7:58  Widow Mine  
  105  8:00  Widow Mine  
  105  8:02  Marine x2  
  111  8:06  Marauder  
  111  8:10  Command Center  
  111  8:17  Marauder  
  111  8:19  Marine x2  
  113  8:24  SCV  
  113  8:25  Widow Mine, SCV  
  113  8:26  Widow Mine  
  113  8:27  Marauder  
  86  8:36  SCV  
  86  8:37  Marine x2  
  86  8:40  Marauder  
  93  8:47  Widow Mine  
  95  8:48  Marauder  
  95  8:50  Barracks, Viking x2  
  95  8:55  Marine x2  
  95  8:56  Barracks  
  96  9:04  Marauder  
  96  9:07  Liberator x2  
  100  9:10  Marauder  
  100  9:13  Marine x2  
  106  9:22  Command Center  
  108  9:32  Starport, Factory Reactor  
  108  9:33  Marine  
  108  9:34  Marauder x2  
  108  9:37  SCV  
  108  9:38  SCV  
  115  9:47  Barracks Tech Lab  
  115  9:48  Supply Depot  
  115  9:49  Supply Depot  
  115  9:50  Liberator  
  115  9:52  Liberator  
  115  9:59  Marauder  
  117  10:01  Marauder  
  117  10:04  Marine  
  117  10:06  Marine x2  
  122  10:07  Marine  
  129  10:14  Supply Depot  
  129  10:17  Supply Depot  
  129  10:24  Liberator x2  
  129  10:35  Marine x2  
  129  10:36  Marine x2, Marauder x3  
  129  10:37  Orbital Command  
  145  10:57  Viking x2  
  149  11:09  Marine x3, Marauder  
  149  11:10  Marauder x2  
  158  11:14  SCV x2  
  158  11:15  SCV  
  161  11:19  Refinery  
  161  11:21  Supply Depot  
  161  11:24  Liberator x2, Viking x2  
  161  11:25  Refinery  
  163  11:35  SCV  
  163  11:36  SCV  
  163  11:38  SCV  
  165  11:46  Liberator x2  
  165  11:50  Marine x4  
  165  11:51  Marauder x3  
  173  11:57  Supply Depot x2  
  171  12:07  Liberator x2  
  177  12:22  Armory  
  177  12:24  Engineering Bay  
  180  12:36  Marine x4, Marauder x3  
  168  12:46  Viking x2  
  170  13:07  Viking x2  
  170  13:15  Marine x4, Marauder x3  
  170  13:16  Viking  
  182  13:35  Sensor Tower  
  182  13:47  Liberator, Marauder x2  
  182  13:48  Marauder  
  178  13:50  Marine x4  
  134  14:05  Viking  
  134  14:09  Marauder  
  115  14:21  Marine, Marauder x2  
  111  14:30  Marauder  
  83  14:48  Marauder  
Show
View Real Time Build Order
Export as new Build Order

MaNa Protoss - Winner!

Build Orders: 1 Gate Expand, Phoenix Opening 

Get SALT Encoding   

  12  0:00  Probe  
  13  0:12  Probe  
  14  0:17  Pylon  
  14  0:24  Probe  
  15  0:32  Probe  
  15  0:37  Gateway  
  15  0:40  Probe  
  16  0:46  Assimilator  
  17  0:51  Probe  
  18  1:03  Probe  
  19  1:15  Probe  
  20  1:24  Cybernetics Core  
  20  1:33  Nexus  
  20  1:38  Zealot  
  20  1:40  Pylon  
  20  1:52  Assimilator  
  22  1:55  Probe  
  22  1:59  Stalker  
  23  2:04  Pylon  
  24  2:21  Probe  
  24  2:28  Warp Gate  
  24  2:34  Probe  
  24  2:37  Stalker  
  27  2:46  Probe x2  
  28  2:58  Probe  
  28  3:00  Stargate  
  28  3:04  Probe  
  30  3:10  Probe  
  31  3:16  Probe  
  31  3:20  Stalker  
  31  3:23  Probe  
  34  3:30  Probe  
  35  3:35  Shield Battery, Phoenix, Probe  
  36  3:46  Probe  
  39  3:48  Probe  
  40  4:00  Phoenix, Probe  
  40  4:01  Probe  
  44  4:08  Pylon  
  44  4:12  Probe  
  44  4:13  Probe  
  46  4:25  Robotics Facility, Gateway  
  46  4:30  Phoenix  
  48  4:32  Probe  
  48  4:34  Probe  
  50  4:40  Stalker  
  50  4:44  Probe  
  53  4:46  Probe  
  53  5:01  Oracle  
  53  5:05  Assimilator x2  
  54  5:13  Probe  
  52  5:18  Probe  
  52  5:20  Pylon  
  54  5:34  Pylon  
  54  5:36  Probe x2  
  54  5:37  Robotics Bay  
  56  5:43  Pylon  
  56  5:48  Probe x2  
  58  5:50  Phoenix  
  60  5:57  Sentry  
  60  6:00  Probe  
  60  6:03  Gateway  
  64  6:04  Probe  
  64  6:07  Immortal  
  64  6:13  Probe  
  64  6:16  Probe  
  70  6:25  Probe  
  71  6:28  Probe  
  71  6:30  Sentry  
  74  6:32  Pylon, Extended Thermal Lance  
  74  6:33  Pylon  
  74  6:40  Colossus  
  74  6:53  Adept x2  
  84  7:12  Nexus  
  84  7:13  Pylon  
  84  7:16  Probe x2  
  84  7:20  Colossus  
  84  7:22  Pylon  
  86  7:27  Pylon x2  
  86  7:28  Probe x2  
  91  7:43  Phoenix, Probe x2  
  91  7:45  Adept x2  
  91  7:47  Zealot  
  99  7:58  Shield Battery  
  99  8:04  Gateway  
  99  8:07  Colossus  
  99  8:14  Adept x2  
  105  8:28  Adept  
  93  8:38  Phoenix  
  93  8:40  Stalker x2  
  97  8:41  Probe x2  
  97  8:47  Colossus  
  101  8:52  Adept  
  105  9:05  Zealot x3  
  105  9:06  Phoenix  
  109  9:15  Probe x2, Protoss Air Weapons Level 1  
  113  9:17  Twilight Council  
  113  9:23  Probe  
  114  9:25  Forge  
  114  9:27  Forge, Probe  
  114  9:30  Zealot x2  
  119  9:35  Phoenix, Observer  
  119  9:37  Probe x2  
  123  9:44  Charge  
  124  9:47  Pylon  
  124  9:48  Probe, Protoss Ground Armor Level 1  
  124  9:49  Assimilator, Pylon, Probe  
  126  9:55  Pylon  
  126  9:58  Protoss Ground Weapons Level 1  
  126  9:59  Stalker  
  127  10:00  Stalker  
  127  10:06  Immortal  
  132  10:09  Zealot  
  132  10:10  Zealot  
  136  10:19  Probe x2  
  137  10:23  Assimilator  
  137  10:24  Observer  
  137  10:32  Templar Archives  
  137  10:33  Zealot  
  137  10:34  Zealot x2  
  137  10:35  Zealot  
  144  10:45  Immortal  
  148  10:59  Zealot x4  
  148  11:00  Psionic Storm  
  156  11:12  Pylon  
  156  11:13  Pylon  
  156  11:15  Photon Cannon  
  156  11:19  Observer  
  156  11:20  High Templar x4  
  164  11:25  Gateway  
  164  11:27  Gateway  
  164  11:39  Probe x2  
  166  11:43  Pylon  
  166  11:54  High Templar x3  
  172  12:05  Protoss Ground Armor Level 2, Protoss Ground Weapons Level 2  
  172  12:10  Photon Cannon  
  172  12:16  Pylon  
  172  12:17  Pylon  
  172  12:18  Photon Cannon  
  172  12:20  Pylon  
  172  12:22  Stalker x3  
  178  12:34  Blink  
  174  12:38  Archon  
  174  12:41  Stalker  
  174  12:42  Stalker x2  
  164  12:52  Stalker x3  
  170  13:06  Stalker x3  
  170  13:10  Nexus  
  174  13:22  High Templar x2  
  174  13:23  High Templar  
  180  13:34  Observer  
  181  13:37  Pylon  
  181  13:51  Zealot x3  
  170  13:57  High Templar  
  170  13:58  High Templar  
  150  14:05  High Templar, Immortal  
  121  14:24  High Templar, Zealot x2  
  121  14:25  Zealot x2  
  125  14:36  Immortal  
  112  14:40  Zealot  
  114  14:50  Zealot x4  
  120  15:00  Stalker x2  

Tags
 
Add a new tag
Caveats
  • Supply blocks, unpowered buildings, or Contaminate may cause inaccurate times.
  • Supply counts are checked every 10 seconds.